 Dungeon Sprint DCSS version 0.30-a0-715-gdb4ae3ece1 (webtiles) character file.

Game seed: 14539576925837251462

16490 rocky1 the Petrodigitator (level 24, -19/137 HPs)
             Began as a Deep Elf Earth Elementalist on Jan 24, 2023.
             Was an Initiate of Gozag.
             Killed from afar by Frederick (76 damage)
             ... with an iron shot
             ... in the Dungeon (Sprint VI: "Thunderdome").
             The game lasted 00:39:50 (2721 turns).

rocky1 the Petrodigitator (DEEE)                    Turns: 2721, Time: 00:39:50

Health: -19/137    AC: 10    Str:  8    XL:     24   Next: 45%
Magic:  43/74      EV: 22    Int: 39    God:    Gozag
Gold:   105        SH:  6    Dex: 22    Spells: 33/77 levels left

rFire   + . .      SeeInvis .    C - staff of earth
rCold   + . .      Faith    .    D - +0 buckler
rNeg    + + +      Spirit   .    G - +0 robe of Dishonesty {Archmagi}
rPois   +          Reflect  .    H - +1 hat "Dis Anu" {rC- Regen+ MP+9}
rElec   +          Harm     .    c - +0 cloak "Zewoergh" {rElec Dex+2}
rCorr   +          Rampage  .    J - +1 pair of gloves of the Pits of Slime {Contam rF+ rN+++ Str+3}
Will    ++...      Archmagi +    g - +3 pair of boots of the Powerful God {Regen+}
Stlth   ++++       NoTele   +    s - amulet of Jiggoergh {RegenMP Fly Regen+ rCorr MP+9}
HPRegen 2.82/turn                t - ring of Qeoczy {rElec rC+ Int+6 Dex+3 Slay+3}
MPRegen 0.84/turn                o - ring of Yrchih {rPois rC+ Dex+2 Slay+6 Stlth+}

@: gold aura, flying, slowed, very slow
A: no striking features
}: 3/15 runes: serpentine, elven, gossamer
a: Renounce Religion, Potion Petition, Call Merchant, Bribe Branch


You were in the Dungeon.
You worshipped Gozag.
Gozag was aware of your devotion.
You visited 1 branch You collected 17026 gold pieces.
You spent 16921 gold pieces at shops.

Inventory:

Armour
 c - the +0 cloak "Zewoergh" (worn) {rElec Dex+2}
   (You bought it in a shop in the Dungeon)

   Dex:       It affects your dexterity (+2).
   rElec:     It insulates you from electricity.
 g - the +3 pair of boots of the Powerful God (worn) {Regen+}
   (You bought it in a shop in the Dungeon)

   Regen:     It increases your rate of health regeneration.
 D - a +0 buckler (worn)
 G - the +0 robe of Dishonesty (worn) {Archmagi}
   (You bought it in a shop in the Dungeon)

   Archmagi:  It increases the power of your magical spells.
 H - the +1 hat "Dis Anu" (worn) {rC- Regen+ MP+9}
   (You bought it in a shop in the Dungeon)

   rC:        It makes you vulnerable to cold.
   MP:        It affects your magic capacity (+9).
   Regen:     It increases your rate of health regeneration.
 J - the +1 pair of gloves of the Pits of Slime (worn) {Contam rF+ rN+++ Str+3}
   (You bought it in a shop in the Dungeon)

   Str:       It affects your strength (+3).
   rF:        It protects you from fire.
   rN:        It renders you almost immune to negative energy.
   Contam:    It causes magical contamination when unequipped.
Magical Staves
 C - a staff of earth (weapon)
Jewellery
 o - the ring of Yrchih (right hand) {rPois rC+ Dex+2 Slay+6 Stlth+}
   (You bought it in a shop in the Dungeon)

   [ring of poison resistance]

   Dex:       It affects your dexterity (+2).
   Slay:      It affects your accuracy & damage with ranged weapons and melee
   (+6).
   rC:        It protects you from cold.
   rPois:     It protects you from poison.
   Stlth:     It makes you more stealthy.
 s - the amulet of Jiggoergh (around neck) {RegenMP Fly Regen+ rCorr MP+9}
   (You bought it in a shop in the Dungeon)

   [amulet of magic regeneration]

   It increases your rate of magic regeneration.
   MP:        It affects your magic capacity (+9).
   Fly:       It grants you flight.
   Regen:     It increases your rate of health regeneration.
   rCorr:     It protects you from acid and corrosion.
 t - the ring of Qeoczy (left hand) {rElec rC+ Int+6 Dex+3 Slay+3}
   (You bought it in a shop in the Dungeon)

   [ring of intelligence]

   Int:       It affects your intelligence (+6).
   Dex:       It affects your dexterity (+3).
   Slay:      It affects your accuracy & damage with ranged weapons and melee
   (+3).
   rC:        It protects you from cold.
   rElec:     It insulates you from electricity.
 z - the ring "Libbipp" {Wiz Str+6 Dex+4}
   (You bought it in a shop in the Dungeon)

   [ring of wizardry]

   It improves your spell success rate.
   Str:       It affects your strength (+6).
   Dex:       It affects your dexterity (+4).
Wands
 E - a wand of charming (4)
Scrolls
 k - 2 scrolls of fog
Potions
 a - 7 potions of brilliance
 b - 26 potions of magic
 d - 6 potions of attraction
 e - 16 potions of haste
 f - a potion of berserk rage
 j - 20 potions of curing
 F - 36 potions of heal wounds
 K - 8 potions of mutation


   Skills:
 - Level 10.0 Fighting
 - Level 3.0 Armour
 - Level 13.5 Dodging
 - Level 2.4 Stealth
 - Level 5.6 Shields
 O Level 27 Spellcasting
 + Level 13.0 Conjurations
 - Level 8.0 Translocations
 - Level 1.1 Transmutations
 + Level 11.8 Fire Magic
 O Level 27 Earth Magic


You had 33 spell levels left.
You knew the following spells:

 Your Spells              Type           Power      Damage    Failure   Level
a - Sandblast             Erth           100%       2d20      0%          1
b - Stone Arrow           Conj/Erth      100%       3d13      0%          3
c - Blink                 Tloc           100%       N/A       1%          2
d - Iron Shot             Conj/Erth      84%        9d15      1%          6
e - Iskenderun's Battles  Conj           100%       2d15      1%          5
f - Shatter               Erth           92%        3d66*     1%          9
g - Petrify               Tmut/Erth      100%       N/A       0%          4
h - Lee's Rapid Deconstr  Erth           92%        3d40*     0%          5
i - Fire Storm            Conj/Fire      61%        8d15      95%         9

Your spell library contained the following spells:

 Spells                   Type           Power      Damage    Failure   Level
 Momentum Strike          Conj/Tloc      100%       3d10      0%          2
 Passwall                 Tmut/Erth      100%       N/A       0%          2
 Leda's Liquefaction      Hex/Erth       75%        N/A       0%          4
 Freeze                   Ice            100%       1d10      1%          1
 Ensorcelled Hibernation  Hex/Ice        100%       N/A       1%          2
 Lesser Beckoning         Tloc           100%       N/A       1%          2
 Frozen Ramparts          Ice            100%       1d16      1%          3
 Gell's Gravitas          Tloc           100%       N/A       1%          3
 Hailstorm                Conj/Ice       100%       3d20      1%          3
 Inner Flame              Hex/Fire       99%        N/A       1%          3
 Kindle Blastsparks       Fire/Tloc/Air  100%       2d18      1%          3
 Ozocubu's Armour         Ice            68%        N/A       1%          3
 Swiftness                Air            68%        N/A       1%          3
 Teleport Other           Tloc           100%       N/A       1%          3
 Fulminant Prism          Conj/Hex       50%        3d22      1%          4
 Iskenderun's Mystic Bla  Conj/Tloc      100%       2d19      1%          4
 Passage of Golubria      Tloc           100%       N/A       1%          4
 Statue Form              Tmut/Erth      100%       N/A       1%          6
 Lehudib's Crystal Spear  Conj/Erth      84%        10d19     1%          8
 Summon Forest            Summ/Tloc      45%        N/A       2%          5
 Cause Fear               Hex            34%        N/A       4%          4
 Summon Lightning Spire   Summ/Air       68%        N/A       4%          4
 Conjure Ball Lightning   Conj/Air       50%        3x3d17    4%          6
 Silence                  Hex/Air        34%        N/A       12%         5
 Summon Mana Viper        Hex/Summ       68%        N/A       12%         5
 Spellforged Servitor     Conj/Summ      50%        N/A       24%         7
 Summon Cactus Giant      Summ           34%        N/A       54%         6
 Malign Gateway           Summ/Tloc      45%        N/A       56%         7
 Disjunction              Tloc           53%        N/A       71%         8
 Storm Form               Tmut/Air       35%        N/A       96%         7
 Haunt                    Necr/Summ      34%        N/A       98%         7
 Ozocubu's Refrigeration  Ice            34%        4d15      98%         7
 Borgnjor's Revivificati  Necr           34%        N/A       100%        8
 Discord                  Hex            34%        N/A       100%        8
 Infestation              Necr           34%        N/A       100%        8
 Maxwell's Capacitive Co  Air            34%        ∞         100%        8
 Necromutation            Tmut/Necr      35%        N/A       100%        8
 Summon Horrible Things   Summ           34%        N/A       100%        8
 Chain Lightning          Conj/Air       50%        3d67      100%        9
 Death's Door             Necr           34%        N/A       100%        9
 Animate Dead             Necr           Unusable   N/A       N/A         4

Dungeon Overview and Level Annotations

Branches:
Dungeon (1/1)

Altars:
Cheibriados
Dithmenos
Fedhas
Gozag
Kikubaaqudgha
Makhleb
Okawaru
Qazlal
Ru
Sif Muna
Trog
Uskayaw
Vehumet
Wu Jian
Xom
Yredelemnul
Zin
The Shining One
Lugonu

Shops:
D [??*?*[((!!

Annotations:
D Frederick


Message History

A lich comes into view.
The lich gestures wildly while chanting.
The lich seems to speed up.
You block something's attack. Something misses you.
The lich gestures wildly while chanting.
The lich flickers and vanishes!
Frederick shouts!
Frederick gestures wildly while chanting.
Frederick summons a servant imbued with his destructive magic!
Something hits you but does no damage. Something bites you!
Aiming: Iron Shot (safe; 1% risk of failure)
Press: ? - help, Q - select action, (/) - cycle Shift-Dir - straight line, f - spellforged servitor
Aim: a spellforged servitor (summoned, 84% to hit)
You feel a strong surge of power!
The iron shot hits the spellforged servitor!!!
The spellforged servitor is severely damaged.
The lich shouts!
Something barely misses you. Something misses you.
Something conjures a glowing orb.
The lich gestures wildly while chanting.
The lich flickers and vanishes!
Something hits you. Something bites you.
An orb of destruction comes into view.
Aiming: Iron Shot (safe; 1% risk of failure)
Press: ? - help, Q - select action, (/) - cycle Shift-Dir - straight line, f/p - spellforged servitor
Aim: a spellforged servitor (severely damaged, summoned, 84% to hit)
You feel a strong surge of power!
The iron shot hits the spellforged servitor!!!
You destroy the spellforged servitor!
The spellforged servitor disappears in a puff of smoke!
The orb of destruction hits you!!! Something hits you. Something bites you.
Aiming: Iron Shot (safe; 1% risk of failure)
Press: ? - help, Q - select action, (/) - cycle Shift-Dir - straight line, f - Frederick
Aim: Frederick, wielding a +2 double sword and wearing a +0 plate armour (blue smoke, 90% to hit)
You feel a strong surge of power!
The iron shot hits Frederick!!!!
Frederick is heavily wounded.
Something misses you.
Frederick points at you and mumbles some strange words.
The iron shot hits you!!!!
Ouch! That really hurt!
You die...
Your body crumbles into a pile of gold.

▓#....(..._.▓ ▓▓#._......._.▓▓▓
▓.##.......[..#.▓
▓.⌠.......[.))[.▓▓▓▓▓
######.....[...().).#...#
##.___...[........)..___∩##▓▓
###∩.....)[)...............∩...
##.).............(........()..[.
#⌠......)...###@..###......).).⌠
#⌠.......)).#.○{<.#.....[).)...⌠
#⌠..)......)..°....##..........⌠
##..........@((##.)..[..).......
###∩[.........#.....=[..=[.∩###
##∩_._................__∩#.▓
######........)......#..#▓▓
#§...........⌠.▓▓▓▓▓
###...........#▓


You could see Frederick.

Vanquished Creatures
  A deep elf elementalist (D)
  A lich (D)
  2 acid blobs (D)
  An azure jelly (D)
  A ghoul (D)
  9 stone giants (D)
  2 vampire knights (D)
  Nessos (D)
  A wolf spider (D)
  2 anacondas (D)
  A bunyip (D)
  Erolcha (D)
  Josephine (D)
  A ghost crab (D)
  An ogre mage (D)
  3 two-headed ogres (D)
  4 centaur warriors (D)
  2 vampire magi (D)
  A shock serpent (D)
  2 spriggans (D)
  A soul eater (D)
  2 skeletal warriors (D)
  A harpy (shapeshifter) (D)
  A naga ritualist (D)
  A lindwurm (shapeshifter) (D)
  3 shining eyes (D)
  3 moths of wrath (D)
  A salamander (shapeshifter) (D)
  A naga mage (D)
  2 rust devils (D)
  3 black mambas (D)
  A guardian serpent (shapeshifter) (D)
  A smoke demon (D)
  An eye of devastation (D)
  An unseen horror (shapeshifter) (D)
  A freezing wraith (D)
  A bloated husk (D)
  2 hellwings (D)
  A queen bee (shapeshifter) (D)
  A tarantella (shapeshifter) (D)
  2 hornets (D)
  A blink frog (shapeshifter) (D)
  A jumping spider (shapeshifter) (D)
  An air elemental (D)
  4 slime creatures (D)
  A wraith (D)
  5 fire bats (D)
  A ynoxinul (D)
  A fire elemental (D)
  A basilisk (shapeshifter) (D)
  A steam dragon (D)
  A vampire mosquito (D)
  A chaos spawn (D)
  2 nagas (D)
  A water moccasin (D)
  A swamp drake (D)
  Pargi (D)
  4 ogres (D)
  2 sky beasts (D)
  A black bear (D)
  5 centaurs (D)
  Jessica (D)
  A hell rat (D)
  A lightning spire (D)
  2 river rats (D)
  An ufetubus (D)
  A dart slug (D)
  An endoplasm (D)
  A quokka (D)
  A rat (D)
115 creatures vanquished.

Notes
Turn   | Place    | Note
-------+----------+-------------------------------------------
     0 | D        | rocky1 the Deep Elf Earth Elementalist began the quest for
                  | the Orb.
     0 | D        | Reached XP level 1. HP: 10/10 MP: 6/6
     3 | D        | Found a radiant altar of Vehumet.
     3 | D        | Found a basalt altar of Yredelemnul.
     4 | D        | Found a corrupted altar of Lugonu.
     4 | D        | Found an opulent altar of Gozag.
     5 | D        | Found a sacrificial altar of Ru.
     5 | D        | Found a burning altar of Makhleb.
     5 | D        | Round 1.
     6 | D        | Found a stormy altar of Qazlal.
     6 | D        | Found Kememip's Staff Store.
     6 | D        | Found Hipeukk's Magic Scroll Shop.
     7 | D        | Found Ufy Vuner's Must-Have Magic.
     7 | D        | Found Hezom's Magic Scroll Shop.
    12 | D        | Became a worshipper of Gozag Ym Sagoz the Greedy
    19 | D        | Found a shimmering altar of Xom.
    20 | D        | Found Qustye's Distillery.
    22 | D        | Found Delaffopuq's Distillery.
    22 | D        | Found Kuziupum's Bottled Wisdom.
    25 | D        | Found a glowing silver altar of Zin.
    25 | D        | Found Fasaw's Do-It-Yourself Clinic.
    25 | D        | Noticed a water moccasin
    33 | D        | Killed a water moccasin
    34 | D        | Reached XP level 2. HP: 15/15 MP: 4/12
    34 | D        | Reached XP level 3. HP: 19/19 MP: 4/13
    34 | D        | Reached XP level 4. HP: 24/24 MP: 4/15
    48 | D        | Found a hide-covered altar of Uskayaw.
    50 | D        | Found an iron altar of Okawaru.
    52 | D        | Found a shimmering blue altar of Sif Muna.
    53 | D        | Noticed a black bear
    54 | D        | Found Emut's Weapon Rack.
    58 | D        | Killed a black bear
    59 | D        | Reached skill level 10 in Earth Magic
    59 | D        | Reached XP level 5. HP: 28/28 MP: 5/18
    60 | D        | Found a shadowy altar of Dithmenos.
    60 | D        | Found a glowing golden altar of the Shining One.
    60 | D        | Found Jacros's Premium Goods.
    62 | D        | Found Xalleoh's Basic Armour.
    62 | D        | Found Tezxam's Miscellaneous Merchandise.
    80 | D        | Noticed Jessica
    89 | D        | Found an ornate altar of the Wu Jian Council.
    90 | D        | Killed Jessica
    90 | D        | Arena points: 14 (+14) [x2]
    91 | D        | Found a blossoming altar of Fedhas.
    95 | D        | Found a snail-covered altar of Cheibriados.
    99 | D        | Found Isivud's Jewellery.
    99 | D        | Found Honner's Advanced Armour.
   101 | D        | Found an ancient bone altar of Kikubaaqudgha.
   101 | D        | Found a bloodstained altar of Trog.
   101 | D        | Found Suzxaeta's Identification Station.
   119 | D        | Round 2.
   120 | D        | Noticed Pargi
   124 | D        | Killed Pargi
   125 | D        | Reached skill level 10 in Spellcasting
   125 | D        | Reached XP level 6. HP: 32/32 MP: 14/21
   197 | D        | Learned a level 3 spell: Stone Arrow
   241 | D        | Arena points: 56 (+42) [x3]
   282 | D        | Bought a book of Power for 294 gold pieces
   282 | D        | Bought a book of Spatial Translocations for 126 gold pieces
   282 | D        | Bought a book of Annihilations for 420 gold pieces
   285 | D        | Learned a level 2 spell: Blink
   292 | D        | Learned a level 6 spell: Iron Shot
   298 | D        | Learned a level 5 spell: Iskenderun's Battlesphere
   308 | D        | Round 3.
   310 | D        | Noticed a sky beast
   315 | D        | Killed a sky beast
   377 | D        | Noticed an air elemental
   378 | D        | Noticed a steam dragon
   382 | D        | Killed an air elemental
   383 | D        | Reached XP level 7. HP: 36/36 MP: 17/24
   385 | D        | Killed a steam dragon
   485 | D        | Arena points: 74 (+18) [x1]
   500 | D        | Round 4.
   505 | D        | Noticed a fire bat
   509 | D        | Killed a fire bat
   510 | D        | Reached skill level 5 in Conjurations
   510 | D        | Reached skill level 5 in Translocations
   534 | D        | Noticed a fire bat
   534 | D        | Noticed a fire bat
   537 | D        | Killed a fire bat
   538 | D        | Reached XP level 8. HP: 11/41 MP: 22/26
   541 | D        | Reached skill level 15 in Earth Magic
   571 | D        | Arena points: 130 (+56) [x2]
   639 | D        | Round 5.
   640 | D        | Noticed a naga warrior
   642 | D        | Noticed a giant anaconda
   656 | D        | Killed a giant anaconda
   656 | D        | Arena points: 290 (+160) [x4]
   657 | D        | Reached XP level 9. HP: 8/45 MP: 5/29
   659 | D        | Got a serpentine rune of Zot
   669 | D        | Bought a book of the Earth for 252 gold pieces
   681 | D        | Learned a level 9 spell: Shatter
   686 | D        | Learned a level 4 spell: Petrify
   692 | D        | Learned a level 5 spell: Lee's Rapid Deconstruction
   726 | D        | Bought a pitted golden ring for 45 gold pieces
   726 | D        | Identified the ring of Toorgh {rF+ Will- EV+5 Int+3} (You
                  | bought it in a shop in the Dungeon)
   726 | D        | Bought a pitted silver ring for 45 gold pieces
   726 | D        | Identified the ring of Obsession {rCorr SInv} (You bought
                  | it in a shop in the Dungeon)
   726 | D        | Bought a vibrating golden amulet for 45 gold pieces
   726 | D        | Identified the amulet of Leoxt {Acrobat rElec rPois Dex+3}
                  | (You bought it in a shop in the Dungeon)
   726 | D        | Bought a scorched golden amulet for 45 gold pieces
   726 | D        | Identified the amulet of Unucsubb {Faith rN+ Slay-6 Stlth+}
                  | (You bought it in a shop in the Dungeon)
   726 | D        | Bought a translucent platinum ring for 45 gold pieces
   726 | D        | Identified the ring "Penom" {Wiz rCorr} (You bought it in a
                  | shop in the Dungeon)
   726 | D        | Bought a twitching platinum ring for 45 gold pieces
   726 | D        | Identified the ring of Yrchih {rPois rC+ Dex+2 Slay+6
                  | Stlth+} (You bought it in a shop in the Dungeon)
   726 | D        | Bought a warped brass amulet for 45 gold pieces
   726 | D        | Identified the amulet of Vuimel {Spirit Drain rPois rF-
                  | rCorr} (You bought it in a shop in the Dungeon)
   726 | D        | Bought an ancient bronze ring for 45 gold pieces
   726 | D        | Identified the ring of Ufuos {+Blink Str+5 Dex+6 Slay+3}
                  | (You bought it in a shop in the Dungeon)
   726 | D        | Bought a transparent iron amulet for 45 gold pieces
   726 | D        | Identified the amulet "Soget" {Reflect rN+ Will++ Int+4
                  | SH+5} (You bought it in a shop in the Dungeon)
   726 | D        | Bought a transparent bronze amulet for 45 gold pieces
   726 | D        | Identified the amulet of Jiggoergh {RegenMP Fly Regen+
                  | rCorr MP+9} (You bought it in a shop in the Dungeon)
   726 | D        | Bought a pitted tin ring for 45 gold pieces
   726 | D        | Identified the ring of Qeoczy {rElec rC+ Int+6 Dex+3
                  | Slay+3} (You bought it in a shop in the Dungeon)
   726 | D        | Bought a twitching tin ring for 45 gold pieces
   726 | D        | Identified the ring of the Robin {rPois rN+} (You bought it
                  | in a shop in the Dungeon)
   726 | D        | Bought a shimmering platinum ring for 45 gold pieces
   726 | D        | Identified the ring of Qulow {Wiz Dex+2} (You bought it in
                  | a shop in the Dungeon)
   726 | D        | Bought a clouded zirconium amulet for 45 gold pieces
   726 | D        | Identified the amulet "Tumire" {Spirit Stlth+} (You bought
                  | it in a shop in the Dungeon)
   726 | D        | Bought a transparent lead ring for 45 gold pieces
   726 | D        | Identified the ring of Amafoqup {rPois Will- Str+2 Stlth+}
                  | (You bought it in a shop in the Dungeon)
   726 | D        | Bought a scorched copper ring for 45 gold pieces
   726 | D        | Identified the ring "Zotuas" {rF+ Str+3 Int+5 Slay-3} (You
                  | bought it in a shop in the Dungeon)
   726 | D        | Bought a wavering tin ring for 45 gold pieces
   726 | D        | Identified the ring "Libbipp" {Wiz Str+6 Dex+4} (You bought
                  | it in a shop in the Dungeon)
   739 | D        | Bought a smoking robe for 199 gold pieces
   739 | D        | Identified the +5 robe "Oroh" {Will- rCorr Dex+3} (You
                  | bought it in a shop in the Dungeon)
   739 | D        | Bought a pair of brightly glowing gloves for 332 gold
                  | pieces
   739 | D        | Identified the +2 pair of gloves of Beogh's Whim {rC- rN+
                  | Will++ Regen+} (You bought it in a shop in the Dungeon)
   827 | D        | Reached XP level 10. HP: 56/56 MP: 30/30
   861 | D        | Round 6.
   868 | D        | Noticed a bunyip
   874 | D        | Killed a bunyip
   880 | D        | Noticed a spriggan rider
   884 | D        | Killed a spriggan rider
   885 | D        | Reached skill level 5 in Fighting
   885 | D        | Reached skill level 15 in Spellcasting
   889 | D        | Noticed a ghost crab
   898 | D        | Noticed a spectral four-headed hydra
   902 | D        | Killed a ghost crab
   980 | D        | Noticed a spriggan rider
   985 | D        | Killed a spriggan rider
   999 | D        | Reached XP level 11. HP: 64/64 MP: 27/32
  1027 | D        | Arena points: 530 (+240) [x5]
  1050 | D        | Round 7.
  1051 | D        | Bought a pitted cloak for 332 gold pieces
  1051 | D        | Identified the +0 cloak "Zewoergh" {rElec Dex+2} (You
                  | bought it in a shop in the Dungeon)
  1051 | D        | Bought an encrusted helmet for 332 gold pieces
  1051 | D        | Identified the +2 helmet of Noushikh {*Slow rElec rC-
                  | Will+++} (You bought it in a shop in the Dungeon)
  1051 | D        | Bought a pair of ancient boots for 332 gold pieces
  1051 | D        | Identified the +3 pair of boots of the Powerful God
                  | {Regen+} (You bought it in a shop in the Dungeon)
  1121 | D        | Reached skill level 10 in Dodging
  1176 | D        | Noticed a soul eater
  1180 | D        | Killed a soul eater
  1206 | D        | Arena points: 908 (+378) [x6]
  1245 | D        | Bought a staff of earth for 750 gold pieces
  1250 | D        | Round 8.
  1305 | D        | Noticed an anaconda
  1309 | D        | Killed an anaconda
  1317 | D        | Noticed a shock serpent
  1320 | D        | Killed a shock serpent
  1356 | D        | Noticed a naga ritualist
  1359 | D        | Killed a naga ritualist
  1402 | D        | Arena points: 1468 (+560) [x7]
  1439 | D        | Round 9.
  1440 | D        | Noticed a two-headed ogre
  1441 | D        | Noticed a two-headed ogre
  1444 | D        | Killed a two-headed ogre
  1445 | D        | Reached skill level 1 in Shields
  1447 | D        | Killed a two-headed ogre
  1451 | D        | Noticed Erolcha
  1460 | D        | Killed Erolcha
  1462 | D        | Reached XP level 12. HP: 67/75 MP: 4/36
  1462 | D        | Noticed a two-headed ogre
  1465 | D        | Killed a two-headed ogre
  1466 | D        | Noticed an ogre mage
  1475 | D        | Killed an ogre mage
  1475 | D        | Arena points: 2188 (+720) [x8]
  1518 | D        | Round 10.
  1526 | D        | Arena points: 3188 (+1000) [x10]
  1530 | D        | Got a gossamer rune of Zot
  1531 | D        | Reached skill level 5 in Shields
  1531 | D        | Reached XP level 13. HP: 80/80 MP: 10/37
  1564 | D        | Bought 4 potions of curing for 84 gold pieces
  1564 | D        | Bought 4 potions of curing for 84 gold pieces
  1564 | D        | Bought 3 potions of heal wounds for 105 gold pieces
  1564 | D        | Bought 3 potions of heal wounds for 105 gold pieces
  1564 | D        | Bought 3 potions of heal wounds for 105 gold pieces
  1566 | D        | Bought 3 potions of experience for 900 gold pieces
  1566 | D        | Bought 3 potions of experience for 900 gold pieces
  1566 | D        | Bought 2 potions of experience for 600 gold pieces
  1566 | D        | Bought a potion of experience for 300 gold pieces
  1566 | D        | Bought a potion of experience for 300 gold pieces
  1572 | D        | Bought 6 potions of magic for 336 gold pieces
  1586 | D        | Learned a level 9 spell: Fire Storm
  1606 | D        | Reached XP level 14. HP: 86/86 MP: 38/38
  1607 | D        | Reached skill level 10 in Fighting
  1607 | D        | Reached XP level 15. HP: 92/92 MP: 39/39
  1608 | D        | Reached XP level 16. HP: 97/97 MP: 41/41
  1609 | D        | Reached XP level 17. HP: 102/102 MP: 43/43
  1610 | D        | Reached XP level 18. HP: 107/107 MP: 45/45
  1611 | D        | Reached skill level 5 in Fire Magic
  1611 | D        | Reached XP level 19. HP: 112/112 MP: 46/46
  1612 | D        | Reached XP level 20. HP: 117/117 MP: 48/48
  1613 | D        | Reached XP level 21. HP: 122/122 MP: 49/49
  1614 | D        | Reached XP level 22. HP: 127/127 MP: 50/50
  1615 | D        | Reached XP level 23. HP: 132/132 MP: 51/51
  1734 | D        | Round 11.
  1826 | D        | Arena points: 4519 (+1331) [x11]
  1854 | D        | Bought a steaming robe for 199 gold pieces
  1854 | D        | Identified the +0 robe of Dishonesty {Archmagi} (You bought
                  | it in a shop in the Dungeon)
  1854 | D        | Bought a steaming hat for 315 gold pieces
  1854 | D        | Identified the +1 hat "Dis Anu" {rC- Regen+ MP+9} (You
                  | bought it in a shop in the Dungeon)
  1854 | D        | Bought a pair of twisted boots for 332 gold pieces
  1854 | D        | Identified the +2 pair of boots "Giuth" {Fly Str-4 Dex+9
                  | SInv} (You bought it in a shop in the Dungeon)
  1854 | D        | Bought a pair of glimmering gloves for 332 gold pieces
  1854 | D        | Identified the +1 pair of gloves of the Pits of Slime
                  | {Contam rF+ rN+++ Str+3} (You bought it in a shop in the
                  | Dungeon)
  1895 | D        | Round 12.
  1919 | D        | Noticed Josephine
  1925 | D        | Killed Josephine
  2054 | D        | Arena points: 6103 (+1584) [x12]
  2082 | D        | Round 13.
  2083 | D        | Noticed Nessos
  2086 | D        | Killed Nessos
  2090 | D        | Arena points: 7962 (+1859) [x13]
  2165 | D        | Round 14.
  2214 | D        | Reached skill level 27 in Earth Magic
  2267 | D        | Arena points: 10314 (+2352) [x14]
  2296 | D        | Bought a book of Frost for 140 gold pieces
  2296 | D        | Bought Ozocubu's Autobiography for 168 gold pieces
  2296 | D        | Bought a book of Blasting for 280 gold pieces
  2296 | D        | Bought a book of the Moon for 280 gold pieces
  2296 | D        | Bought a book of Chaos for 350 gold pieces
  2296 | D        | Bought a Necronomicon for 392 gold pieces
  2296 | D        | Bought a Grand Grimoire for 238 gold pieces
  2296 | D        | Bought a book of Burglary for 140 gold pieces
  2296 | D        | Bought a book of Displacement for 154 gold pieces
  2296 | D        | Bought a book of the Sky for 308 gold pieces
  2296 | D        | Bought a book of Death for 308 gold pieces
  2296 | D        | Bought a book of Hexes for 252 gold pieces
  2296 | D        | Bought a book of the Wilderness for 266 gold pieces
  2308 | D        | Bought 6 potions of magic for 336 gold pieces
  2308 | D        | Bought 6 potions of magic for 336 gold pieces
  2308 | D        | Bought 3 potions of mutation for 168 gold pieces
  2308 | D        | Bought 2 potions of mutation for 112 gold pieces
  2308 | D        | Bought a potion of mutation for 56 gold pieces
  2316 | D        | Bought 4 potions of curing for 84 gold pieces
  2316 | D        | Bought 3 potions of heal wounds for 105 gold pieces
  2327 | D        | Round 15.
  2340 | D        | Identified the ring "Feociaw Ocau" {rN+ Int+7} (You found
                  | it in the Dungeon)
  2340 | D        | Arena points: 12954 (+2640) [x16]
  2348 | D        | Got an elven rune of Zot
  2350 | D        | Reached XP level 24. HP: 121/137 MP: 42/55
  2376 | D        | Bought a twisted buckler for 332 gold pieces
  2376 | D        | Identified the +3 buckler of the Storm King {Harm +Inv
                  | Str-4 Int+4} (You bought it in a shop in the Dungeon)
  2376 | D        | Bought an encrusted buckler for 332 gold pieces
  2376 | D        | Identified the -2 buckler of Temperance {*Slow +Blink Will+
                  | Str+2} (You bought it in a shop in the Dungeon)
  2422 | D        | Bought 4 potions of curing for 84 gold pieces
  2422 | D        | Bought 3 potions of heal wounds for 105 gold pieces
  2539 | D        | Round 16.
  2575 | D        | Reached skill level 27 in Spellcasting
  2575 | D        | Reached skill level 10 in Conjurations
  2620 | D        | Reached skill level 10 in Fire Magic
  2647 | D        | Arena points: 16490 (+3536) [x17]
  2692 | D        | Bought 4 potions of curing for 84 gold pieces
  2692 | D        | Bought 3 potions of heal wounds for 105 gold pieces
  2692 | D        | Bought 3 potions of heal wounds for 105 gold pieces
  2692 | D        | Bought 3 potions of heal wounds for 105 gold pieces
  2692 | D        | Bought 3 potions of heal wounds for 105 gold pieces
  2692 | D        | Bought 3 potions of heal wounds for 105 gold pieces
  2692 | D        | Bought 3 potions of heal wounds for 105 gold pieces
  2692 | D        | Bought 3 potions of heal wounds for 105 gold pieces
  2700 | D        | Bought a potion of heal wounds for 35 gold pieces
  2700 | D        | Bought a potion of brilliance for 28 gold pieces
  2700 | D        | Bought 6 potions of magic for 336 gold pieces
  2700 | D        | Bought 2 potions of mutation for 112 gold pieces
  2700 | D        | Bought 6 potions of brilliance for 168 gold pieces
  2700 | D        | Bought 6 potions of attraction for 126 gold pieces
  2700 | D        | Bought 5 potions of haste for 350 gold pieces
  2700 | D        | Bought 4 potions of haste for 280 gold pieces
  2700 | D        | Bought 3 potions of haste for 210 gold pieces
  2700 | D        | Round 17.
  2716 | D        | Noticed Frederick
  2721 | D        | Killed from afar by Frederick

Illustrated notes

Levels and vault maps discovered:
D:        arena_sprint

Skill      XL: |  1  2  3  4  5  6  7  8  9 10 11 12 13 14 15 16 17 18 19 20 21 22 23 24 |
---------------+-------------------------------------------------------------------------+-----
Spellcasting   | 7 9 10 11 12 14 15 18 19 20 21 22 26 27 | 27.0
Earth Magic    | 8 10 12 13 14 16 18 21 22 27 | 27.0
Conjurations   | 3 5 7 9 13 | 13.0
Translocations | 3 5 8 |  8.0
Fighting       | 3 6 8 9 10 | 10.0
Dodging        | 6 9 12 13 | 13.5
Shields        | 2 5 |  5.6
Fire Magic     | 5 6 8 11 | 11.8
Armour         | 3 |  3.0
Stealth        | |  2.4
Transmutations | |  1.1

Action                     |  1- 3 |  4- 6 |  7- 9 | 10-12 | 13-15 | 16-18 | 19-21 | 22-24 || total
---------------------------+-------+-------+-------+-------+-------+-------+-------+-------++-------
  Melee: Staff             |       |       |       |       |       |       |       |     4 ||     4
   Cast: Sandblast         |     2 |    14 |     5 |     2 |       |       |       |       ||    23
         Stone Arrow       |       |     5 |    20 |     9 |       |       |       |       ||    34
         Iron Shot         |       |       |       |    53 |       |       |       |    73 ||   126
         Iskenderun's Batt |       |       |       |     7 |       |       |       |     1 ||     8
         Shatter           |       |       |       |       |       |       |       |     7 ||     7
  Evoke: Wand              |     3 |     1 |     4 |     2 |       |       |       |       ||    10
    Use: Potion            |     3 |       |     3 |     3 |     3 |     3 |     3 |     3 ||    21
         Scroll            |       |       |     3 |     1 |       |       |       |     1 ||     5
 Armour: Robe              |       |       |       |     8 |       |       |       |     7 ||    15
  Dodge: Dodged            |     3 |       |     5 |    49 |       |       |       |    17 ||    74
  Block: Buckler           |       |       |       |     1 |       |       |       |     5 ||     6

Table legend: (Time is in decaauts)
 A = Elapsed time spent in this place.
 B = Non-inter-level travel time spent in this place.
 C = Inter-level travel time spent in this place.
 D = Time resting spent in this place.
 E = Time spent auto-exploring this place.
 F = Levels seen in this place.
 G = Mean time per level.
                   A        B        C        D        E       F      G
               +--------+--------+--------+--------+--------+-----+--------+
         Total |   2733 |   2731 |      2 |    595 |      0 |   1 | 2733.0 |
       Dungeon |   2733 |   2731 |      2 |    595 |      0 |   1 | 2733.0 |
               +--------+--------+--------+--------+--------+-----+--------+

Top non-repeatable levels by time:
       D: 2733 daAuts
